 Dungeon Crawl Stone Soup version bcrawl-1.12.2 (webtiles) character file.

Game seed: 3704318374144376342

63371 MisterOstroum the Slinger (level 14, 0/116 HPs)
             Began as a Demonspawn Archaeologist on July 18, 2019.
             Was a High Priest of Okawaru.
             Shot with a bolt by a naga sharpshooter (20 damage)
             ... on level 2 of the Snake Pit.
             The game lasted 01:25:00 (19509 turns).

MisterOstroum the Slinger (DsAc)                   Turns: 19509, Time: 01:25:01

Health: 0/116      AC: 29    Str: 14    XL:     14   Next: 67%
Magic:  20/22      EV: 16    Int: 16    God:    Okawaru [*****.]
Gold:   667        SH:  8    Dex: 19    Spells: 2/23 levels left

rFire    + . .     SeeInvis .   a - +4 serpentine sling {petrify}
rCold    + . .     Gourm    .   E - +0 buckler
rNeg     . . .     Faith    .   h - +1 scale mail {rC+}
rPois    +         Spirit   .   k - +2 hat
rElec    .         Reflect  .   I - +1 cloak
rCorr    .         Harm     .   F - +2 pair of gloves
MR       +....                  Q - +2 pair of boots
Stlth    +++.......             (no amulet)
HPRegen  0.29/turn              m - +4 ring of protection
MPRegen  0.18/turn              s - +5 ring of dexterity

@: lethally poisoned (0 -> -2), heroism
A: claws 2, slimy green scales 3, demonic guardian 1, fire resistance 1, rot
immunity
a: Heroism, Finesse, Renounce Religion


You were on level 2 of the Snake Pit.
You worshipped Okawaru.
Okawaru was extremely pleased with you.
You were hungry.

You visited 3 branches of the dungeon, and saw 17 of its levels.
You also visited: Gauntlet and Ice Cave.

You collected 1417 gold pieces.
You spent 750 gold pieces at shops.

Inventory:

Hand Weapons
 a - the +4 serpentine sling (weapon) {petrify}

   It can petrify creatures with low resistance to magic that it strikes.
 b - a +0 demon trident of venom
Missiles
 n - 2095 stones
 x - 529 sling bullets (quivered)
 P - a throwing net {!f!f}
Armour
 h - a +1 scale mail of cold resistance (worn)
 k - a +2 hat (worn)
 u - a +2 hat of magic resistance
 E - a +0 buckler (worn)
 F - a +2 pair of gloves (worn)
 I - a +1 cloak (worn)
 J - a +0 shield
 Q - a +2 pair of boots (worn)
Jewellery
 m - a +4 ring of protection (left hand)
 q - a +2 ring of evasion {unknown}
 s - a +5 ring of dexterity (right hand)
 N - an uncursed ring of protection from magic
Wands
 w - a wand of iceblast (28)
 z - a wand of polymorph (33)
 H - a wand of paralysis (11)
 V - a wand of disintegration (7)
 W - a wand of acid (6)
Scrolls
 c - 9 scrolls of teleportation {@r3 !r}
 p - 2 scrolls of summoning
 r - a scroll of brand weapon
 v - a scroll of enchant armour
 y - 6 scrolls of remove curse {@r2}
 B - 4 scrolls of magic mapping {@r5 !r}
 G - a scroll of noise {unknown}
 K - a scroll of silence {unknown}
 L - 2 scrolls of fear {!r}
 R - 2 scrolls of immolation
 T - a scroll of fog {!r}
 U - 2 scrolls of identify {@r1}
 Y - a scroll of torment
Potions
 d - 2 potions of flight
 f - a potion of haste {@q4 !q}
 g - a potion of lignification {@q6}
 i - a potion of cancellation
 l - 3 potions of heal wounds {@q2 !q}
 o - 7 potions of curing {@q1 !q}
 t - 2 potions of brilliance
 A - a potion of invisibility
 C - a potion of magic {unknown}
 D - a potion of berserk rage {unknown}
 M - a potion of might {unknown}
 O - 2 potions of resistance
 S - 3 potions of ambrosia
 X - 2 potions of mutation
Miscellaneous
 j - a box of beasts
Comestibles
 e - 25 rations {!d}


   Skills:
 + Level 12.9(17.9) Fighting
   Level 2.3(7.3) Maces & Flails
 * Level 14.3(19.3) Slings
 - Level 5.0(10.0) Armour
 - Level 5.0(10.0) Dodging
 - Level 3.0(8.0) Stealth
 - Level 7.2(12.2) Shields
 - Level 5.4 Spellcasting
 - Level 4.1 Charms
 - Level 3.0 Necromancy
 - Level 3.3 Transmutations
 - Level 3.0 Ice Magic
 - Level 3.3 Earth Magic
 - Level 7.0 Invocations
 - Level 5.0 Evocations


You had 2 spell levels left.
You knew the following spells:

 Your Spells              Type           Power        Failure   Level  Hunger
a - Song of Slaying       Chrm           ###.....     13%         2    #......
b - Ozocubu's Armour      Chrm/Ice       ###.....     32%         3    ###....
c - Regeneration          Chrm/Necr      ###.......   32%         3    ###....
d - Swiftness             Chrm/Air       ##......     30%         2    #......
e - Irradiate             Conj/Tmut      #.........   100%        5    ######.
f - Statue Form           Tmut/Erth      ###......    100%        6    #######

Your spell library contained the following spells:

 Spells                   Type           Power        Failure   Level  Hunger
 Infusion                 Chrm           ###.....     9%          1    None
 Animate Skeleton         Necr           N/A          13%         1    None
 Pain                     Necr           ##..         13%         1    None
 Corona                   Hex            #......      43%         1    None
 Magic Dart               Conj           #...         43%         1    None
 Shock                    Conj/Air       #....        43%         1    None
 Searing Ray              Conj           #.....       56%         2    #......
 Shackle                  Hex            #.......     56%         2    #......
 Vampiric Draining        Necr           ##........   36%         3    ###....
 Spectral Weapon          Hex/Chrm       ##......     52%         3    ###....
 Animate Dead             Necr           N/A          78%         4    ####...
 False Image              Hex/Summ       #.......     80%         3    ###....
 Inner Flame              Hex/Fire       N/A          80%         3    ###....
 Iskenderun's Mystic Bla  Conj           #.......     80%         3    ###....
 Static Discharge         Air            #.......     80%         3    ###....
 Yara's Violent Unravell  Hex/Tmut       #.........   93%         4    ####...
 Airstrike                Air            #.........   99%         4    ####...
 Cause Fear               Hex            #.........   99%         4    ####...
 Fulminant Prism          Conj/Hex       #.........   99%         4    ####...
 Bolt of Draining         Conj/Necr      #.........   100%        5    ######.
 Lightning Bolt           Conj/Air       #.........   100%        5    ######.
 Tree Form                Hex/Tmut       N/A          100%        5    ######.
 Dragon Form              Tmut           ###....      100%        7    #######
 Necromutation            Tmut/Necr      ##......     100%        8    #######


Dungeon Overview and Level Annotations

Branches:
Dungeon (9/12)             Temple (0/1) D:4            Lair (6/6) D:9
  Swamp (0/3) Lair:3        Snake (2/3) Lair:3        Slime (0/5) Lair:5
    Orc: D:8-11

Altars:
Ashenzari
Cheibriados
Gozag
Makhleb
Nemelex Xobeh
Okawaru
Qazlal
Ru
Trog
Xom
Zin
The Shining One
Jiyva

Shops:
D:5 ?   D:6 [   D:7 :*   D:8 %   D:9 *

Annotations:
D:9 2 transporters, drd's ghost, novice GnFi
Lair:2 1 runed translucent door, crawlian's ghost, journeyman AvRe
Lair:4 3 runed translucent doors, espenoss's ghost, journeyman TrEE


Innate Abilities, Weirdness & Mutations

You have very sharp fingernails.
You are completely covered in slimy green scales. (AC +4, rPois)
A weak demonic guardian rushes to your aid.
Your flesh is heat resistant. (rF+)
You are immune to rotting.


Message History

Okawaru accepts your kill.
Firing (i - inventory. (/) - cycle)
x - 530 sling bullets (quivered)
Press: ? - help, Shift-Dir - straight line, f - naga sharpshooter
Aim: a naga sharpshooter, wielding a +0 arbalest (moderately wounded)
You shoot a sling bullet.
The sling bullet barely misses the naga sharpshooter.
Press: ? - help, v - describe, . - travel
Here: a naga sharpshooter, wielding a +0 arbalest (moderately wounded)
The floor.
Wield which item (- for none, * to show all)? (? for menu, Esc to quit)
Your +0 demon trident of venom begins to drip with poison!
b - a +0 demon trident of venom (weapon)
The naga sharpshooter shoots a bolt.
The bolt closely misses you.
You hit the naga sharpshooter.
The naga sharpshooter is moderately wounded.
You hit the naga sharpshooter but do no damage.
The naga sharpshooter is moderately wounded.
You feel sick.
The naga sharpshooter casts a spell.
The naga sharpshooter magically shoots a bolt.
The bolt hits you but does no damage.
You hit the naga sharpshooter.
The naga sharpshooter is moderately wounded.
The naga sharpshooter mumbles some strange words.
The naga sharpshooter magically shoots a bolt.
The bolt hits you!
* * * LOW HITPOINT WARNING * * *
You hear an angry hiss.
You puncture the naga sharpshooter!
The naga sharpshooter is heavily wounded.
The naga sharpshooter casts a spell.
The naga sharpshooter magically shoots a bolt.
The bolt hits you!
* * * LOW HITPOINT WARNING * * *
You swap places.
You feel sick.
The naga sharpshooter spits poison at you.
The splash of poison hits your ufetubus.
Your ufetubus is poisoned.
Your ufetubus dies!
Attack whom?
Press: ? - help, Dir - move target cursor, f/p - naga sharpshooter
Aim: a naga sharpshooter, wielding a +0 arbalest (heavily wounded, catching its breath)
You reach to attack!
You puncture the naga sharpshooter!
The naga sharpshooter is severely wounded.
The naga sharpshooter shoots a bolt.
The bolt hits you!
* * * LOW HITPOINT WARNING * * *
Really quaff
l - 4 potions of heal wounds {@q2 !q}?
You feel much better.
The naga sharpshooter spits poison at you.
The splash of poison hits your iron imp.
You hear an angry hiss.
You swap places.
The naga sharpshooter shoots a bolt.
The bolt hits you.
* * * LOW HITPOINT WARNING * * *
You hear an angry hiss.
You barely miss the naga sharpshooter.
The naga sharpshooter is severely wounded.
You feel like a meek peon again.
You feel sick.
The naga sharpshooter shoots a bolt.
The bolt hits you.
* * * LOW HITPOINT WARNING * * *
You hit the naga sharpshooter but do no damage.
The naga sharpshooter is heavily wounded.
The naga sharpshooter spits poison at you.
The splash of poison hits you!
You are more poisoned.
You resist.
Unknown command.
You swap places.
Your iron imp closely misses the naga sharpshooter.
The naga sharpshooter shoots a bolt.
The bolt hits your iron imp!!
Your iron imp dies!
You hear an angry hiss.
Attack whom?
Press: ? - help, Dir - move target cursor, f/p - naga sharpshooter
Aim: a naga sharpshooter, wielding a +0 arbalest (heavily wounded, catching its breath)
You reach to attack!
You barely miss the naga sharpshooter.
The naga sharpshooter is heavily wounded.
You feel sick.
Okay, then.
Attack whom?
Press: ? - help, Dir - move target cursor, f/p - naga sharpshooter
Aim: a naga sharpshooter, wielding a +0 arbalest (heavily wounded, catching its breath)
Okay, then.
Wield which item (- for none, * to show all)? (? for menu, Esc to quit)
Okay, then.
You gain the combat prowess of a mighty hero.
You feel sick.
The naga sharpshooter spits poison at you.
You block the splash of poison.
Attack whom?
Press: ? - help, Dir - move target cursor, f/p - naga sharpshooter
Aim: a naga sharpshooter, wielding a +0 arbalest (heavily wounded, catching its breath)
Okay, then.
Wield which item (- for none, * to show all)? (? for menu, Esc to quit)
Your +0 demon trident of venom stops dripping with poison.
The sling writhes as if it's alive!
a - the +4 serpentine sling (weapon)
{petrify} The naga sharpshooter mumbles some strange words.
The naga sharpshooter magically shoots a bolt.
The bolt hits you!!
You die...

## . ..### .## .#
##..###.. .## #....##.# ..
## ........# .# .#
........## #.# .#
.........## #.## .#
..........## ##..##.#
...........###..@...##..##
............#..###N.......
...........)..###.###..##.
.............##..## .#
#...........#N).##
...........###...#
..........## ###.#
........### #^# ###....##
#.#


You could see a naga sharpshooter.

Vanquished Creatures
  Rupert (Lair:4)
  Snorg (Lair:4)
  An ice dragon (Lair:4)
  3 hydras
  Psyche (D:8)
  A merfolk avatar (Lair:6)
  An anaconda (Lair:5)
  An alligator (Lair:6)
  A two-headed ogre (D:8)
  Urug (Lair:4)
  Sonja (Lair:5)
  A naga ritualist (Snake:2)
  A sea snake (Lair:6)
  A lindwurm (Lair:6)
  A necromancer (IceCv)
  5 oklob plants
  2 manticores (Lair:6)
  A centaur zombie (D:8)
  2 salamanders
  17 elephants
  2 naga magi (Snake:2)
  Maurice (D:8)
  3 black mambas
  2 ice statues (IceCv)
  14 cane toads
  4 rime drakes
  9 ice devils (IceCv)
  11 komodo dragons
  13 polar bears
  A wind drake (Lair:6)
  4 hornets
  14 blink frogs
  5 hippogriffs
  A shadow (D:9)
  7 wyverns
  A fire elemental (Lair:3)
  56 yaks
  6 basilisks
  3 nagas (Snake:2)
  Duvessa (D:7)
  12 porcupines
  5 orc warriors
  12 water moccasins
  2 ice beasts
  A sky beast (D:6)
  8 black bears
  2 phantoms
  3 ogres
  14 wolves
  2 centaurs (D:7)
  13 crocodiles
  A big kobold (D:9)
  5 bullfrogs
  3 scorpions
  Dowan (D:7)
  12 killer bees
  9 electric eels
  A bullfrog zombie (D:5)
  A quasit (D:9)
  5 crimson imps
  4 orc wizards
  A centaur skeleton (D:8)
  3 hounds
  12 jellies
  2 orc priests
  A bullfrog skeleton (D:3)
  4 iguanas (D:9)
  7 worker ants
  4 troll simulacra (IceCv)
  2 centaur simulacra (IceCv)
  A hound skeleton (D:8)
  4 gnolls (D:7)
  A naga simulacrum (IceCv)
  3 ogre simulacra (IceCv)
  5 adders
  A shadow imp (D:8)
  16 oozes
  2 adder skeletons
  A worm (D:3)
  4 dart slugs (D:2)
  6 leopard geckos
  23 orcs
  A giant cockroach (D:1)
  8 goblins
  11 hobgoblins
  5 jackals
  3 bats (D:1)
  8 frilled lizards
  16 kobolds
  A quokka skeleton (D:4)
  11 rats
  2 plants
487 creatures vanquished.

Vanquished Creatures (collateral kills)
  A hydra (Lair:4)
  3 elephants
  2 black mambas
  A cane toad (Lair:5)
  A komodo dragon (Lair:2)
  4 blink frogs
  A yak (Lair:4)
  A water moccasin (Lair:6)
  A wolf (Lair:2)
  An ogre (D:5)
  A centaur (D:7)
  A crocodile (Lair:6)
  2 bullfrogs
  An orc priest (D:4)
  A jelly (D:7)
  2 orc wizards
  2 oozes (D:7)
  8 orcs
  A jackal (D:3)
35 creatures vanquished.

Vanquished Creatures (others)
  A polar bear (Lair:5)
  28 fungi
  35 plants
  2 withered plants (Lair:2)
66 creatures vanquished.

Grand Total: 588 creatures vanquished

Notes
Turn   | Place    | Note
-------+----------+-------------------------------------------
     0 | D:1      | MisterOstroum the Demonspawn Archaeologist began the quest
                  | for the Orb.
     0 | D:1      | Reached XP level 1. HP: 15/15 MP: 1/1
   271 | D:1      | Gained mutation: You have sharp fingernails. [demonic
                  | ancestry]
   271 | D:1      | Reached XP level 2. HP: 16/22 MP: 2/2
   554 | D:1      | Gained mutation: A weak demonic guardian rushes to your
                  | aid. [demonic ancestry]
   554 | D:1      | Reached XP level 3. HP: 26/29 MP: 3/3
   704 | D:1      | Found a sparkling altar of Nemelex Xobeh.
   880 | D:1      | Found an iron altar of Okawaru.
  1047 | D:2      | Found a sacrificial altar of Ru.
  1061 | D:2      | Reached skill level 1 in Maces & Flails
  1062 | D:2      | Found a stormy altar of Qazlal.
  1109 | D:2      | Reached skill level 1 in Slings
  1541 | D:2      | Found a snail-covered altar of Cheibriados.
  1915 | D:2      | Reached XP level 4. HP: 35/35 MP: 4/4
  2044 | D:1      | Became a worshipper of Warmaster Okawaru
  2078 | D:3      | Reached skill level 2 in Slings
  2382 | D:3      | Reached skill level 3 in Slings
  2418 | D:3      | Gained mutation: You are partially covered in slimy green
                  | scales. (AC +2) [demonic ancestry]
  2418 | D:3      | Reached XP level 5. HP: 41/41 MP: 5/5
  2675 | D:3      | Reached skill level 4 in Slings
  3225 | D:4      | Reached XP level 6. HP: 21/48 MP: 6/6
  3479 | D:4      | Reached skill level 5 in Slings
  3540 | D:4      | Found a glowing golden altar of the Shining One.
  3621 | D:4      | Found an iron altar of Okawaru.
  3630 | D:4      | Found a staircase to the Ecumenical Temple.
  4142 | D:5      | Entered Level 5 of the Dungeon
  4289 | D:5      | Reached * piety under Okawaru
  4289 | D:5      | Reached skill level 6 in Slings
  4547 | D:5      | Gained mutation: You are mostly covered in slimy green
                  | scales. (AC +3) [demonic ancestry]
  4547 | D:5      | Reached XP level 7. HP: 30/55 MP: 4/7
  4913 | D:5      | Found Cowet's Magic Scroll Boutique.
  5052 | D:6      | Reached skill level 5 in Fighting
  5102 | D:6      | Found Paros's Armour Emporium.
  5129 | D:6      | Reached skill level 1 in Evocations
  5372 | D:6      | Found a burning altar of Makhleb.
  5419 | D:6      | Reached ** piety under Okawaru
  5419 | D:6      | Reached XP level 8. HP: 63/63 MP: 9/9
  5768 | D:6      | Noticed a moth of wrath
  5771 | D:6      | Found a bloodstained altar of Trog.
  5945 | D:7      | Noticed Dowan
  5949 | D:7      | Killed Dowan
  5949 | D:7      | Noticed Duvessa
  5974 | D:7      | Killed Duvessa
  6027 | D:7      | Reached skill level 5 in Dodging
  6233 | D:7      | Reached skill level 7 in Slings
  6233 | D:7      | Reached skill level 1 in Shields
  6233 | D:7      | Reached skill level 5 in Evocations
  6254 | D:7      | Found Zin's Purification Station.
  6259 | D:7      | Reached *** piety under Okawaru
  6275 | D:7      | Gained mutation: You are completely covered in slimy green
                  | scales. (AC +4, rPois) [demonic ancestry]
  6275 | D:7      | Reached XP level 9. HP: 53/71 MP: 12/12
  6397 | D:7      | Found a glowing silver altar of Zin.
  6473 | D:7      | Found a shimmering altar of Xom.
  6501 | D:7      | Noticed an oklob plant
  6558 | D:7      | Killed an oklob plant
  6642 | D:7      | Reached **** piety under Okawaru
  6675 | D:7      | Found Sunwixi's Book Shoppe.
  6762 | D:7      | Bought a book of Battle for 600 gold pieces
  6765 | D:7      | Learned a level 2 spell: Song of Slaying
  6799 | D:8      | Noticed a two-headed ogre
  6809 | D:8      | Killed a two-headed ogre
  6809 | D:8      | Received a gift from Okawaru
  6809 | D:8      | Reached skill level 8 in Slings
  6895 | D:8      | Reached skill level 1 in Spellcasting
  6895 | D:8      | Reached skill level 1 in Charms
  6904 | D:8      | Gained mutation: You have very sharp fingernails. [demonic
                  | ancestry]
  6904 | D:8      | Reached XP level 10. HP: 62/80 MP: 13/13
  7000 | D:8      | Found Nih Nyth's Food Emporium.
  7064 | D:8      | Found an opulent altar of Gozag.
  7129 | D:8      | Reached ***** piety under Okawaru
  7129 | D:8      | Received a gift from Okawaru
  7252 | D:8      | Noticed Maurice
  7262 | D:8      | Killed Maurice
  7363 | D:8      | Noticed Psyche
  7373 | D:8      | Killed Psyche
  7373 | D:8      | Received a gift from Okawaru
  7510 | D:9      | Found a shattered altar of Ashenzari.
  7644 | D:9      | Identified a scroll of acquirement
  7685 | D:9      | Found Riuchev's General Store.
  7697 | D:9      | Learned a level 3 spell: Ozocubu's Armour
  7701 | D:9      | Learned a level 3 spell: Regeneration
  7762 | D:9      | Got an ancient chain mail
  7792 | D:9      | Found a transporter.
  7796 | D:9      | Found a transporter.
  7796 | D:9      | Noticed drd's ghost (novice GnFi)
  7931 | D:9      | Found a bloodstained altar of Trog.
  7937 | D:9      | Reached skill level 9 in Slings
  7937 | D:9      | Reached skill level 1 in Necromancy
  8104 | D:9      | Reached XP level 11. HP: 58/87 MP: 17/17
  8410 | D:9      | Found a staircase to the Lair.
  8428 | Lair:1   | Entered Level 1 of the Lair of Beasts
  8520 | Lair:1   | Received a gift from Okawaru
  8554 | Lair:1   | Reached skill level 1 in Ice Magic
  8650 | Lair:1   | Reached skill level 10 in Slings
  8757 | Lair:1   | Reached ****** piety under Okawaru
  8799 | D:9      | Bought a +0 demon trident for 150 gold pieces
  9352 | Lair:2   | Found a gate leading to a gauntlet.
  9399 | Lair:2   | Received a gift from Okawaru
  9444 | Lair:2   | Got a twisted hunting sling {god gift}
  9446 | Gauntlet | Entered a Gauntlet
  9446 | Gauntlet | Found a transporter.
  9447 | Gauntlet | Identified the +5 hunting sling "Giruist" {freeze, *Slow
                  | rN+ Str+2 SInv} (Okawaru gifted it to you on level 2 of the
                  | Lair of Beasts)
  9458 | Gauntlet | Identified the +4 chain mail "Nijagotz" {rPois rF- Slay+5}
                  | (You found it on level 9 of the Dungeon)
  9656 | Gauntlet | Found a transporter.
  9663 | Gauntlet | Found a transporter.
  9678 | Gauntlet | Found a transporter.
  9683 | Gauntlet | Found a transporter.
  9704 | Gauntlet | Found a transporter.
  9717 | Gauntlet | Found a transporter.
  9717 | Gauntlet | Noticed an entropy weaver
  9728 | Gauntlet | Noticed an entropy weaver
  9729 | Gauntlet | Found a transporter.
  9741 | Gauntlet | Found a transporter.
  9747 | Gauntlet | Found a transporter.
  9747 | Gauntlet | Found a transporter.
  9766 | Gauntlet | Noticed an orange crystal statue
  9772 | Gauntlet | Noticed a death yak
  9772 | Gauntlet | Noticed a death yak
  9773 | Gauntlet | Noticed a death yak
  9774 | Gauntlet | Noticed a necromancer
  9776 | Gauntlet | Found a transporter.
  9788 | Gauntlet | Found a transporter.
  9790 | Gauntlet | Noticed a four-headed hydra
  9805 | Gauntlet | Found a transporter.
  9822 | Gauntlet | Found a transporter.
  9824 | Gauntlet | Found a transporter.
  9825 | Gauntlet | Noticed a death scarab
  9911 | Gauntlet | Found a transporter.
  9947 | Gauntlet | Found a transporter.
 10200 | Lair:2   | Reached skill level 1 in Armour
 10206 | Lair:2   | Reached skill level 10 in Fighting
 10281 | Lair:2   | Found a runed translucent door.
 10281 | Lair:2   | Noticed crawlian's ghost (journeyman AvRe)
 10354 | Lair:2   | Reached skill level 11 in Slings
 10357 | Lair:2   | Reached skill level 1 in Invocations
 10529 | Lair:2   | Received a gift from Okawaru
 10671 | Lair:2   | Received a gift from Okawaru
 10803 | Lair:2   | Gained mutation: Your flesh is heat resistant. (rF+)
                  | [demonic ancestry]
 10803 | Lair:2   | Reached XP level 12. HP: 93/97 MP: 18/18
 11296 | Lair:2   | Received a gift from Okawaru
 11532 | Lair:3   | Reached skill level 5 in Armour
 11610 | Lair:3   | Found a staircase to the Swamp.
 11636 | Lair:3   | Reached skill level 5 in Invocations
 11734 | Lair:3   | Found a staircase to the Snake Pit.
 11892 | Lair:3   | Received a gift from Okawaru
 11893 | Lair:3   | Got a polished dire flail {god gift}
 12189 | Lair:3   | Got an ichor-stained flail
 12398 | Lair:3   | Reached skill level 12 in Slings
 12424 | Lair:3   | Noticed a six-headed hydra
 12440 | Lair:3   | Killed a six-headed hydra
 12440 | Lair:3   | Reached skill level 5 in Shields
 12847 | Lair:4   | Found a frozen archway.
 12848 | Lair:4   | Noticed an ice dragon
 12860 | Lair:4   | Received a gift from Okawaru
 12871 | Lair:4   | Killed an ice dragon
 12871 | Lair:4   | Reached XP level 13. HP: 104/106 MP: 18/20
 12880 | Lair:4   | Reached skill level 5 in Spellcasting
 12924 | IceCv    | Entered an ice cave
 13220 | IceCv    | Got a steaming helmet
 13231 | IceCv    | Identified the +1 helmet of Hivag {+Fly rF- Int+8} (You
                  | found it in an ice cave)
 13796 | Lair:4   | Learned a level 2 spell: Swiftness
 13841 | Lair:4   | Noticed Snorg
 13862 | Lair:4   | Killed Snorg
 13970 | Lair:4   | Noticed Rupert
 14071 | Lair:4   | Killed Rupert
 14222 | Lair:4   | Noticed Urug
 14301 | Lair:4   | Killed Urug
 14456 | Lair:4   | Found a runed translucent gate.
 14457 | Lair:4   | Found a runed translucent gate.
 14458 | Lair:4   | Found a runed translucent gate.
 14460 | Lair:4   | Noticed a death ooze
 14461 | Lair:4   | Found a viscous altar of Jiyva.
 14461 | Lair:4   | Noticed espenoss's ghost (journeyman TrEE)
 14508 | Lair:4   | Received a gift from Okawaru
 14806 | Lair:5   | Learned a level 5 spell: Irradiate
 14844 | Lair:5   | Identified the +3 flail "Huzofulu" {freeze, rElec Str+3}
                  | (You found it on level 3 of the Lair of Beasts)
 15303 | Lair:4   | Reached skill level 13 in Slings
 15423 | Lair:5   | Learned a level 6 spell: Statue Form
 15468 | Lair:5   | Found a staircase to the Slime Pits.
 15759 | Lair:5   | Noticed Sonja
 15778 | Lair:5   | Killed Sonja
 15778 | Lair:5   | Reached skill level 1 in Transmutations
 15778 | Lair:5   | Reached skill level 1 in Earth Magic
 15927 | Lair:5   | Gained mutation: You are immune to rotting. [demonic
                  | ancestry]
 15927 | Lair:5   | Reached XP level 14. HP: 115/115 MP: 22/22
 16472 | Lair:6   | Entered Level 6 of the Lair of Beasts
 17124 | Lair:6   | Received a gift from Okawaru
 17693 | Lair:6   | Reached skill level 14 in Slings
 18352 | Lair:6   | Got a crystal short sword
 18353 | Lair:6   | Identified the +5 short sword "Lerghush" {pierce, rElec
                  | Int+7 Stlth-} (You found it on level 6 of the Lair of
                  | Beasts)
 19005 | Snake:1  | Entered Level 1 of the Snake Pit
 19501 | Snake:2  | HP: 3/116 [naga sharpshooter/bolt (14)]
 19509 | Snake:2  | Shot with a bolt by a naga sharpshooter

Skill      XL: |  1  2  3  4  5  6  7  8  9 10 11 12 13 14 |
---------------+-------------------------------------------+-----
Fighting       | 2 3 4 5 6 7 8 10 11 12 | 12.9
Maces & Flails | 1 2 |  2.3
Slings         | 1 3 4 6 7 8 9 11 12 13 14 | 14.3
Dodging        | 3 5 |  5.0
Evocations     | 2 5 |  5.0
Shields        | 1 4 5 7 |  7.2
Spellcasting   | 1 4 5 |  5.4
Charms         | 1 4 |  4.1
Necromancy     | 2 3 |  3.0
Ice Magic      | 2 3 |  3.0
Armour         | 3 5 |  5.0
Invocations    | 2 7 |  7.0
Transmutations | 1 3 |  3.3
Earth Magic    | 1 3 |  3.3
Stealth        | |  3.0

Action                   |  1- 3 |  4- 6 |  7- 9 | 10-12 | 13-15 || total
-------------------------+-------+-------+-------+-------+-------++-------
Melee: Whip              |   144 |       |       |       |       ||   144
       Mace              |    66 |   189 |    23 |       |       ||   278
       Quick blade       |       |       |       |    17 |       ||    17
       Demon trident     |       |       |       |       |    21 ||    21
       Unarmed           |       |       |       |       |    10 ||    10
 Fire: Hunting sling     |       |       |   278 |   942 |  1156 ||  2376
Throw: Stone             |    40 |    95 |     3 |       |       ||   138
       Tomahawk          |       |       |     1 |       |       ||     1
 Cast: Ozocubu's Armour  |       |       |       |       |     1 ||     1
       Regeneration      |       |       |       |       |     2 ||     2
       Song of Slaying   |       |       |       |       |     1 ||     1
Invok: Heroism           |       |     1 |       |     7 |    19 ||    27
       Finesse           |       |       |       |       |     2 ||     2
  Use: Potion            |       |     1 |       |       |     3 ||     4
       Scroll            |       |       |       |    25 |    11 ||    36
 Stab: Sleeping          |     1 |     1 |       |       |       ||     2
       Distracted        |       |     1 |       |       |       ||     1
       Petrified         |       |       |     3 |    15 |    10 ||    28
  Eat: Chunk             |     3 |     6 |     7 |    14 |    16 ||    46
       Ration            |       |     1 |       |     1 |     1 ||     3
Armor: Chain mail        |   148 |       |       |   162 |     4 ||   314
       Robe              |    24 |    98 |    29 |    37 |     2 ||   190
       Ice dragon scales |       |       |       |       |    49 ||    49
       Troll leather arm |       |       |       |       |    20 ||    20
       Scale mail        |       |       |       |       |    93 ||    93
       Skin              |       |       |       |       |    52 ||    52
Dodge: Dodged            |    68 |   123 |    57 |   163 |   192 ||   603
Block: Buckler           |       |       |    14 |    64 |   114 ||   192
